cohdb
Replays
Latest Replays
All Replays
Popular Replays
Top Player Replays
Match Explorer
How It Works
Community
CoH3 Stats
Reddit
Sign in to upload your games and track your stats! →
Sign in with Steam
Match 43710568
Unlisted
Match 43710568
Overview
Messages
Build Orders
End
Pioneer Squad
Construct Infanterie Kompanie
Selects Terror Battlegroup
Selects Machine Gun Camouflage
Grenadier Squad
MG 42 Machine Gun Team
MG 42 Machine Gun Team
Grenadier Squad
Infanterie Officer Quarters
Construct Luftwaffe Kompanie
Jäger Squad
Luftwaffe Officer Quarters
Selects Contempt for the Weak
Medical Bunker
Jäger Squad
Flak 30 Anti-aircraft Gun Team
Jäger Squad
Construct Panzer Kompanie
Selects Jericho Trumpet
Selects V1 Rocket Strike
Sturmpanzer IV Brummbär
V1 Rocket Strike
Selects No Quarter
Side Skirts
Panzer Officer Quarters
Stoßtruppen Squad
aSIISpanky
aSIIDemolitionHammer
ConcernedApe
乱杀大王
0
0
Comments
sign in to comment!
No comments posted yet!